 Dungeon Crawl Stone Soup version 0.21.0-3-g78d12a8 (webtiles) character file.

133 Inarius the Chiller (level 4, -5/36 HPs)
             Began as a Draconian Ice Elementalist on Jan 10, 2018.
             Killed by nerve-wracking pain
             ... invoked by an orc priest
              (13 damage)
             ... on level 3 of the Dungeon.
             The game lasted 00:06:29 (2214 turns).

Inarius the Chiller (Draconian Ice Elementalist)    Turns: 2214, Time: 00:06:31

Health: -5/36      AC:  5    Str: 10    XL:     4   Next: 93%
Magic:  7/8        EV: 13    Int: 21    God:
Gold:   88         SH:  0    Dex: 17    Spells: 4/8 levels left

rFire    . . .     SeeInvis .   d - +0 mace (curse)
rCold    . . .     Gourm    .   (no shield)
rNeg     . . .     Faith    .   (armour unavailable)
rPois    +         Spirit   .   (helmet restricted)
rElec    .         Reflect  .   (no cloak)
rCorr    .         Harm     .   (no gloves)
MR       .....     Clarity  +   (no boots)
Stlth    +++.......             (no amulet)
HPRegen  0.12/turn              e - +5 ring of dexterity
MPRegen  0.11/turn              g - ring of stealth

@: brilliant
A: unfitting armour, clarity, poison resistance, cold-blooded, AC +5
a: no special abilities


You were on level 3 of the Dungeon.
You were not hungry.

You visited 1 branch of the dungeon, and saw 3 of its levels.

You collected 88 gold pieces.

Inventory:

Hand Weapons
 d - a cursed +0 mace (weapon)
 k - a +2 mace of crushing
 n - a +1 flail of protection
Jewellery
 c - an uncursed ring of stealth
 e - a +5 ring of dexterity (left hand)
 g - a ring of stealth (right hand)
Scrolls
 h - 2 scrolls of enchant armour
 i - a scroll of teleportation
 m - a scroll of amnesia
Potions
 l - a potion of brilliance
Books
 a - a book of Frost

   Spells                             Type                      Level
   a - Freeze                         Ice                          1
   b - Throw Frost                    Conjuration/Ice              2
   c - Ozocubu's Armour               Charms/Ice                   3
   d - Throw Icicle                   Conjuration/Ice              4
   e - Summon Ice Beast               Ice/Summoning                4
Comestibles
 b - 5 rations
 o - 2 chunks of flesh


   Skills:
 * Level 1.8 Fighting
 + Level 2.2 Dodging
 - Level 1.7 Stealth
 + Level 2.7 Spellcasting
   Level 1.0 Conjurations
 + Level 1.0 Charms
 * Level 4.3 Ice Magic


You had 4 spell levels left.
You knew the following spells:

 Your Spells              Type           Power        Failure   Level  Hunger
a - Freeze                Ice            ####         1%          1    None
b - Ozocubu's Armour      Chrm/Ice       ####....     1%          3    ###....


Dungeon Overview and Level Annotations

Branches:
Dungeon (3/15)

Altars:
Trog
The Shining One


Innate Abilities, Weirdness & Mutations

Your plain brown scales are hard. (AC +5)
You cannot fit into any form of body armour.
You are cold-blooded and may be slowed by cold attacks.
You possess an exceptional clarity of mind.
Your system is resistant to poisons. (rPois)


Message History

The orc priest is moderately wounded.
The orc hits you with a mace.
* * * LOW HITPOINT WARNING * * *
The orc priest barely misses you.
Casting: Freeze
Confirm with . or Enter, or press ? or * to list all spells.
Aiming: Freeze
Press: ? - help, Shift-Dir - straight line, f/p - orc priest
Aim: an orc priest (moderately wounded)
Okay, then.
It was a potion of curing.
You feel better. The orc hits you with a mace.
* * * LOW HITPOINT WARNING * * *
The orc priest barely misses you.
It was a potion of mutation.
You feel extremely strange.
You feel resistant to poisons.
You feel less in control of your magic.
You regain control of your magic.
Your thoughts seem clearer.
The orc closely misses you.
The orc priest calls down the wrath of Beogh upon you.
Pain shoots through your body!
You die...

#####.##'## #.# #.........# #.#
..........# #.........# #.#
..........# #.........# #.#
..........# ########### #..
..........# ### .......w..#
..........#####################
...........w.o@................
.........).o.o#################
...........##.# #
................ .
##########.##.### # #.##.#
.....# .....# ..... ######


You could see an orc priest, an orc wizard, a dart slug and an orc.

Vanquished Creatures
  Terence (D:2)
  5 adders
  An ooze (D:2)
  4 dart slugs
  A leopard gecko (D:2)
  5 orcs (D:3)
  2 giant cockroaches
  5 hobgoblins
  2 jackals (D:2)
  2 kobolds
  A quokka (D:2)
  2 ball pythons
  5 bats
  A frilled lizard (D:3)
  4 goblins
  5 rats
46 creatures vanquished.

Notes
Turn   | Place    | Note
-------+----------+-------------------------------------------
     0 | D:1      | Inarius the Draconian Ice Elementalist began the quest for the Orb.
     0 | D:1      | Reached XP level 1. HP: 14/14 MP: 3/3
   282 | D:1      | Reached XP level 2. HP: 22/22 MP: 3/5
   994 | D:2      | Reached skill level 1 in Fighting
  1139 | D:2      | Reached XP level 3. HP: 27/28 MP: 6/6
  1144 | D:2      | Learned a level 3 spell: Ozocubu's Armour
  1348 | D:2      | Noticed Terence
  1363 | D:2      | Killed Terence
  1363 | D:2      | Reached skill level 4 in Ice Magic
  1363 | D:2      | Reached XP level 4. HP: 29/35 MP: 0/7
  1602 | D:2      | Found a glowing golden altar of the Shining One.
  1604 | D:2      | Found a bloodstained altar of Trog.
  2084 | D:3      | Reached skill level 1 in Charms
  2214 | D:3      | Gained mutation: Your system is resistant to poisons. (rPois) [potion of mutation]
  2214 | D:3      | Gained mutation: Your spells are a little harder to cast, but a little more powerful. [potion of mutation]
  2214 | D:3      | Lost mutation: Your spells are a little harder to cast, but a little more powerful. [potion of mutation]
  2214 | D:3      | Gained mutation: You possess an exceptional clarity of mind. [potion of mutation]
  2214 | D:3      | Killed from afar by an orc priest

Skill      XL: |  1  2  3  4 |
---------------+-------------+-----
Fighting       | 1 |  1.8
Dodging        | 2 |  2.2
Ice Magic      | 4 |  4.3
Charms         | 1 |  1.0
Stealth        | |  1.7
Spellcasting   | |  2.7
Conjurations   | |  1.0

Action                   |  1- 3 |  4- 6 || total
-------------------------+-------+-------++-------
Melee: Unarmed           |     2 |       ||     2
       Mace              |    40 |    47 ||    87
       Tailslap          |       |     8 ||     8
 Cast: Freeze            |    25 |    17 ||    42
       Ozocubu's Armour  |     1 |     1 ||     2
  Use: Scroll            |       |     7 ||     7
       Potion            |       |     3 ||     3
 Stab: Sleeping          |     3 |     4 ||     7
  Eat: Chunk             |     2 |     3 ||     5
Armor: Skin              |    11 |    24 ||    35
Dodge: Dodged            |    42 |    59 ||   101
